BOSTON Bruins vs VEGAS Golden Knights

Created - 6 mars 2024 at 11:01

Goals
1 2 3 T
BOSTON Bruins 0 0 1 1
VEGAS Golden Knights 0 0 3 3
Shots
1 2 3 T
BOSTON Bruins 13 6 8 27
VEGAS Golden Knights 7 10 15 32

1st period

No Goal

Penalties :
Victor Hedman (BOS) for Slashing (Minor) at 1:34, Filip Chytil (VGK) for Delaying the game (Minor) at 5:22, Joel Eriksson Ek (BOS) for Slashing (Minor) at 5:22

2nd period

No Goal

Penalties :
Joel Eriksson Ek (BOS) for Tripping (Minor) at 4:44, Filip Chytil (VGK) for High sticking (Minor) at 9:08

3rd period

1. VEGAS Golden Knights , Tomas Tatar 12 (Jared McCann 13, Sebastian Aho 24) at 6:41
2. VEGAS Golden Knights , Colton Sissons 10 (Noah Hanifin 23) at 8:46 (PP)
3. BOSTON Bruins , Adrian Kempe 15 (Brad Marchand 24, Bo Horvat 19) at 13:26
4. VEGAS Golden Knights , Alex Killorn 17 (Mikael Granlund 20) at 16:54

Penalties :
Jaycob Megna (BOS) for Hooking (Minor) at 2:22, Michael Pezzetta (BOS) for Cross-checking (Minor) at 8:23, Adam Larsson (VGK) for Fighting (Major) at 11:58, Matt Dumba (BOS) for Fighting (Major) at 11:58, Adam Larsson (VGK) for Hooking (Minor) at 18:57

Goalie Stats

Tristan Jarry (BOS), 29 saves from 32 shots - (0,906), L, 20-19-2, 60:00 minutes
Anton Forsberg (VGK), 26 saves from 27 shots - (0,963), W, 23-15-4, 60:00 minutes

Players Stats for BOSTON Bruins

Player Name              G  A  P  +/- PIM S  H  SB GA TA FO     MP     PP MP  PK MP  
------------------------------------------------------------------------------------
Adam Lowry               0  0  0   0  0   0  1  0  0  0  8/15    8:29   0:00   4:30 
Adrian Kempe             1  0  1   1  0   2  2  1  0  0  0/0    19:03   0:45   0:00 
Andrew Peeke             0  0  0   0  0   1  4  2  0  0  0/1    24:05   0:00   4:17 
Blake Wheeler            0  0  0  -2  0   5  0  1  0  0  0/1    10:35   0:00   0:00 
Bo Horvat                0  1  1   1  0   3  3  0  0  0  16/29  19:54   0:45   0:00 
Brad Hunt                0  0  0   1  0   1  3  0  0  0  0/0    12:54   0:00   0:30 
Brad Marchand            0  1  1   1  0   1  3  0  0  0  0/1    23:12   0:45   3:18 
Frank Vatrano            0  0  0   0  0   3  0  0  0  0  2/4    18:38   2:16   0:00 
Jaycob Megna             0  0  0   1  2   0  2  1  0  0  0/0    13:37   0:00   0:30 
Joel Eriksson Ek         0  0  0   0  4   3  3  0  0  0  8/18   20:06   2:16   1:30 
Kirill Kaprizov          0  0  0   0  0   4  0  0  0  0  0/1    19:12   2:16   0:00 
Matt Dumba               0  0  0   0  5   0  1  1  0  0  0/0    21:11   0:45   3:28 
Michael Pezzetta         0  0  0   0  2   0  1  0  0  0  0/0     3:58   0:00   0:00 
Nathan Walker            0  0  0  -2  0   0  1  0  0  0  1/2    12:16   0:00   1:41 
Phil Kessel              0  0  0   0  0   0  0  0  0  0  0/1     3:59   0:00   0:00 
Shea Theodore            0  0  0  -2  0   0  0  0  0  0  0/0    21:48   0:45   2:36 
Tomas Hertl              0  0  0  -2  0   3  0  0  0  0  10/17  13:29   2:16   0:38 
Victor Hedman            0  0  0  -2  2   1  4  0  0  0  0/0    25:09   2:16   2:22 

Players Stats for VEGAS Golden Knights

Player Name              G  A  P  +/- PIM S  H  SB GA TA FO     MP     PP MP  PK MP  
------------------------------------------------------------------------------------
Adam Larsson             0  0  0   0  7   1  2  1  0  0  0/0    19:23   0:00   1:16 
Alex Killorn             1  0  1   1  0   5  0  0  0  0  1/3    19:50   3:10   0:58 
Andrei Svechnikov        0  0  0   1  0   4  0  0  0  0  0/0    18:10   3:35   0:00 
Brenden Dillon           0  0  0  -1  0   2  2  1  0  0  0/0    16:57   0:00   2:02 
Colton Sissons           1  0  1  -1  0   2  1  1  0  0  19/30  17:36   3:10   1:36 
Devin Shore              0  0  0   0  0   0  0  0  0  0  0/0     5:14   0:34   0:27 
Evgenii Dadonov          0  0  0  -1  0   0  0  0  0  0  0/0    12:50   0:00   0:00 
Filip Chytil             0  0  0  -1  4   2  1  0  0  0  0/0    15:58   3:10   0:00 
Jared McCann             0  1  1   1  0   4  1  0  0  0  0/2    21:04   3:10   0:00 
Jordan Oesterle          0  0  0  -1  0   0  0  0  0  0  0/0    13:39   0:00   0:56 
Mikael Granlund          0  1  1   1  0   0  2  0  0  0  12/19  18:39   2:45   0:27 
Noah Hanifin             0  1  1   2  0   2  1  1  0  0  0/0    23:16   3:35   0:59 
Noel Acciari             0  0  0   0  0   1  1  0  0  0  0/2     5:11   0:00   0:58 
Olli Maatta              0  0  0   1  0   1  1  0  0  0  0/0    21:29   0:00   0:49 
Phil Di Giuseppe         0  0  0   0  0   0  1  0  0  0  0/0     4:13   0:00   0:00 
Sebastian Aho            0  1  1   1  0   4  0  0  0  0  11/31  22:55   3:10   1:36 
Tomas Tatar              1  0  1   1  0   4  1  0  0  0  2/3    19:38   2:36   0:00 
Tony DeAngelo            0  0  0   1  0   0  4  0  0  0  0/0    18:54   2:45   0:00 

3 Stars

1 - Anton Forsberg (VGK)
2 - Tomas Tatar (VGK)
3 - Alex Killorn (VGK)

Power Play

BOSTON Bruins - 0 on 2 Attempt(s) - 0,00%
VEGAS Golden Knights - 1 on 4 Attempt(s) - 25,00%

Penalty Kill

BOSTON Bruins - 3 on 4 Attempt(s) - 75,00% - Score 0 goal in Penalty Kill
VEGAS Golden Knights - 2 on 2 Attempt(s) - 100,00% - Score 0 goal in Penalty Kill

Team Stat

BOSTON Bruins - Hits : 28 - Faceoff Wins : 45 - Blocked Shots : 6 - Penalty Minutes : 15
VEGAS Golden Knights - Hits : 18 - Faceoff Wins : 45 - Blocked Shots : 4 - Penalty Minutes : 11

Official

Referees : Carter Sandlak and Wes McCauley
Linesman : Owen Gidlow and Meghan Mallette

Game Notes

Adam Larsson and Matt Dumba fight to a draw at 11:58 of 3rd period

Finance

Level 1 -- Attendance: 5235 (87,25%) -- Ticket Income $523,500
Level 2 -- Attendance: 4447 (88,94%) -- Ticket Income $266,820
Level 3 -- Attendance: 1851 (92,55%) -- Ticket Income $64,785
Level 4 -- Attendance: 2685 (67,13%) -- Ticket Income $67,125
Luxury Box -- Attendance: 858 (85,80%) -- Ticket Income $171,600
Game was played at the T-Mobile Arena.
Total Attendance: 15076 (83,76%)
Total Ticket Income: $1,093,830
Other Income: $273,458
Total Income: $1,367,288

BOSTON Bruins

5 vs 5 Forward 
   Center                   Left Wing                Right Wing               Time % Phy DF OF 
 1 Bo Horvat                Brad Marchand            Adrian Kempe             38     1   2  2  
 2 Joel Eriksson Ek         Kirill Kaprizov          Frank Vatrano            34     1   2  2  
 3 Tomas Hertl              Nathan Walker            Blake Wheeler            20     1   2  2  
 4 Adam Lowry               Michael Pezzetta         Phil Kessel              8      1   2  2  

5 vs 5 Defense 
   Defense                  Defense                                           Time % Phy DF OF 
 1 Victor Hedman            Shea Theodore                                     43     1   2  2  
 2 Andrew Peeke             Matt Dumba                                        41     1   3  1  
 3 Jaycob Megna             Brad Hunt                                         16     2   2  1  
 4 Victor Hedman            Shea Theodore                                     0      1   2  2  

PowerPlay Forward 
   Center                   Left Wing                Right Wing               Time % Phy DF OF 
 1 Bo Horvat                Brad Marchand            Adrian Kempe             60     1   2  2  
 2 Tomas Hertl              Joel Eriksson Ek         Frank Vatrano            40     1   2  2  

PowerPlay Defense
   Defense                  Defense                                           Time % Phy DF OF 
 1 Victor Hedman            Kirill Kaprizov                                   60     1   2  2  
 2 Matt Dumba               Shea Theodore                                     40     1   2  2  

Penalty Kill 4 Players Forward 
   Center                   Wing                     Time % Phy DF OF 
 1 Adam Lowry               Brad Marchand            60     1   2  2  
 2 Joel Eriksson Ek         Andrew Peeke             40     1   2  2  

Penalty Kill 4 Players Defense
   Defense                  Defense                  Time % Phy DF OF 
 1 Victor Hedman            Andrew Peeke             60     1   2  2  
 2 Matt Dumba               Shea Theodore            40     1   2  2  

Penalty Kill - 3 Players Forward 
   Forward                                           Time % Phy DF OF 
 1 Adam Lowry                                        60     1   2  2  
 2 Joel Eriksson Ek                                  40     1   2  2  

Penalty Kill - 3 Players Defense
   Defense                  Defense                  Time % Phy DF OF 
 1 Victor Hedman            Andrew Peeke             60     1   2  2  
 2 Matt Dumba               Shea Theodore            40     1   2  2  

4 vs 4 Forward 
   Center                   Wing                     Time % Phy DF OF 
 1 Bo Horvat                Brad Marchand            60     1   2  2  
 2 Joel Eriksson Ek         Adrian Kempe             40     1   2  2  

4 vs 4 Defense
   Defense                  Defense                  Time % Phy DF OF 
 1 Victor Hedman            Shea Theodore            60     1   2  2  
 2 Andrew Peeke             Matt Dumba               40     1   2  2  

Last Minutes Offensive
   Center                   Left Wing                Right Wing               Defense                  Defense                  
   Bo Horvat                Kirill Kaprizov          Andrew Peeke             Victor Hedman            Shea Theodore            

Last Minutes Defensive
   Center                   Left Wing                Right Wing               Defense                  Defense                  
   Bo Horvat                Brad Marchand            Adrian Kempe             Victor Hedman            Andrew Peeke             

Goaltenders
Starting : Tristan Jarry            
Backup : Casey DeSmith            

Extra Forwards
Normal : Kirill Kaprizov, Tomas Hertl, Brad Marchand - PP : Kirill Kaprizov, Tomas Hertl - PK : Adam Lowry
Extra Defensemen
Normal : Victor Hedman, Shea Theodore, Matt Dumba - PP : Victor Hedman - PK : Andrew Peeke, Victor Hedman
Penalty Shots
Bo Horvat, Adrian Kempe, Kirill Kaprizov, Tomas Hertl, Brad Marchand

Scratches
None

VEGAS Golden Knights

5 vs 5 Forward 
   Center                   Left Wing                Right Wing               Time % Phy DF OF 
 1 Sebastian Aho            Jared McCann             Tomas Tatar              36     1   2  2  
 2 Mikael Granlund          Andrei Svechnikov        Alex Killorn             30     1   2  2  
 3 Colton Sissons           Filip Chytil             Evgenii Dadonov          25     1   2  2  
 4 Noel Acciari             Phil Di Giuseppe         Devin Shore              9      1   2  2  

5 vs 5 Defense 
   Defense                  Defense                                           Time % Phy DF OF 
 1 Adam Larsson             Olli Maatta                                       40     1   2  2  
 2 Noah Hanifin             Tony DeAngelo                                     33     1   2  2  
 3 Brenden Dillon           Jordan Oesterle                                   22     1   2  2  
 4 Adam Larsson             Noah Hanifin                                      5      1   2  2  

PowerPlay Forward 
   Center                   Left Wing                Right Wing               Time % Phy DF OF 
 1 Sebastian Aho            Jared McCann             Alex Killorn             65     0   1  4  
 2 Colton Sissons           Filip Chytil             Tomas Tatar              35     0   2  3  

PowerPlay Defense
   Defense                  Defense                                           Time % Phy DF OF 
 1 Andrei Svechnikov        Noah Hanifin                                      65     0   1  4  
 2 Mikael Granlund          Tony DeAngelo                                     35     0   2  3  

Penalty Kill 4 Players Forward 
   Center                   Wing                     Time % Phy DF OF 
 1 Colton Sissons           Sebastian Aho            60     1   3  1  
 2 Noel Acciari             Alex Killorn             40     1   3  1  

Penalty Kill 4 Players Defense
   Defense                  Defense                  Time % Phy DF OF 
 1 Adam Larsson             Brenden Dillon           60     1   3  1  
 2 Noah Hanifin             Olli Maatta              40     1   3  1  

Penalty Kill - 3 Players Forward 
   Forward                                           Time % Phy DF OF 
 1 Colton Sissons                                    60     0   5  0  
 2 Sebastian Aho                                     40     0   5  0  

Penalty Kill - 3 Players Defense
   Defense                  Defense                  Time % Phy DF OF 
 1 Adam Larsson             Noah Hanifin             60     0   5  0  
 2 Brenden Dillon           Olli Maatta              40     0   5  0  

4 vs 4 Forward 
   Center                   Wing                     Time % Phy DF OF 
 1 Sebastian Aho            Alex Killorn             60     1   2  2  
 2 Mikael Granlund          Jared McCann             40     1   2  2  

4 vs 4 Defense
   Defense                  Defense                  Time % Phy DF OF 
 1 Adam Larsson             Tony DeAngelo            60     1   2  2  
 2 Noah Hanifin             Brenden Dillon           40     1   2  2  

Last Minutes Offensive
   Center                   Left Wing                Right Wing               Defense                  Defense                  
   Sebastian Aho            Jared McCann             Alex Killorn             Tony DeAngelo            Noah Hanifin             

Last Minutes Defensive
   Center                   Left Wing                Right Wing               Defense                  Defense                  
   Sebastian Aho            Colton Sissons           Alex Killorn             Adam Larsson             Noah Hanifin             

Goaltenders
Starting : Anton Forsberg           
Backup : Pyotr Kochetkov          

Extra Forwards
Normal : Jared McCann, Sebastian Aho, Alex Killorn - PP : Sebastian Aho, Mikael Granlund - PK : Colton Sissons
Extra Defensemen
Normal : Adam Larsson, Noah Hanifin, Brenden Dillon - PP : Tony DeAngelo - PK : Adam Larsson, Noah Hanifin
Penalty Shots
Sebastian Aho, Jared McCann, Andrei Svechnikov, Alex Killorn, Tomas Tatar

Scratches
Mike Reilly (Healthy)

% Time on Ice - BOSTON Bruins

Lines # - Real PCT - Wanted PCT - Time Play
Normal Forward
1 - 36% - 38% - 17:44
2 - 34% - 34% - 16:22
3 - 22% - 20% - 10:35
4 - 8% - 8% - 3:59
Normal Defense
1 - 36% - 43% - 17:35
2 - 38% - 41% - 18:41
3 - 25% - 16% - 12:24
4 - 0% - 0% - 0:00
PP Forward
1 - 25% - 60% - 0:45
2 - 75% - 40% - 2:16
PP Defense
1 - 75% - 60% - 2:16
2 - 25% - 40% - 0:45
PK Forward
1 - 71% - 60% - 4:30
2 - 29% - 40% - 1:50
PK Defense
1 - 56% - 60% - 3:32
2 - 44% - 40% - 2:48
PK3 Forward
1 - 0% - 60%
2 - 0% - 40%
PK3 Defense
1 - 0% - 60%
2 - 0% - 40%
44 Forward
1 - 71% - 60% - 1:25
2 - 29% - 40% - 0:34
44 Defense
1 - 44% - 60% - 0:52
2 - 56% - 40% - 1:07
Last Minute Offensive  - 0:00
Last Minute Defensive  - 0:00
Total
Forward - 60:00
Defense - 60:00

% Time on Ice - VEGAS Golden Knights

Lines # - Real PCT - Wanted PCT - Time Play
Normal Forward
1 - 35% - 36% - 17:02
2 - 30% - 30% - 14:35
3 - 26% - 25% - 12:50
4 - 9% - 9% - 4:13
Normal Defense
1 - 42% - 40% - 20:40
2 - 31% - 33% - 15:17
3 - 26% - 22% - 12:38
4 - 0% - 5% - 0:05
PP Forward
1 - 50% - 65% - 3:10
2 - 50% - 35% - 3:10
PP Defense
1 - 57% - 65% - 3:35
2 - 43% - 35% - 2:45
PK Forward
1 - 68% - 60% - 2:03
2 - 32% - 40% - 0:58
PK Defense
1 - 73% - 60% - 2:12
2 - 27% - 40% - 0:49
PK3 Forward
1 - 0% - 60%
2 - 0% - 40%
PK3 Defense
1 - 0% - 60%
2 - 0% - 40%
44 Forward
1 - 56% - 60% - 1:07
2 - 44% - 40% - 0:52
44 Defense
1 - 44% - 60% - 0:52
2 - 56% - 40% - 1:07
Last Minute Offensive  - 0:00
Last Minute Defensive  - 0:00
Total
Forward - 60:00
Defense - 60:00

Play-by-Play

1st period


0:01 of 1st period - Bo Horvat wins face-off versus Sebastian Aho in neutral zone.
0:10 of 1st period - Shot by Adrian Kempe.
0:10 of 1st period - Shot Misses the Net.
0:48 of 1st period - Tomas Tatar is hit by Adrian Kempe and loses puck.
0:52 of 1st period - Adam Larsson is hit by Victor Hedman and loses puck.
1:34 of 1st period - Shot by Andrei Svechnikov.
1:34 of 1st period - Stopped by Tristan Jarry without a rebound.
1:34 of 1st period - Minor Penalty to Victor Hedman for Slashing.
1:35 of 1st period - Colton Sissons wins face-off versus Adam Lowry in BOSTON Bruins zone.
1:55 of 1st period - Shot by Filip Chytil.
1:55 of 1st period - Shot Misses the Net.
2:34 of 1st period - Shot by Mikael Granlund.
2:34 of 1st period - Shot Misses the Net.
2:48 of 1st period - Shot by Alex Killorn.
2:48 of 1st period - Shot Misses the Net.
2:50 of 1st period - Shot by Jared McCann.
2:50 of 1st period - Shot Misses the Net.
2:53 of 1st period - Alex Killorn is hit by Brad Hunt and loses puck.
2:56 of 1st period - Shot by Alex Killorn.
2:56 of 1st period - Stopped by Tristan Jarry without a rebound.
2:57 of 1st period - Colton Sissons wins face-off versus Andrew Peeke in BOSTON Bruins zone.
3:52 of 1st period - Shot by Phil Di Giuseppe.
3:52 of 1st period - Shot Misses the Net.
3:54 of 1st period - Shot by Brenden Dillon.
3:54 of 1st period - Shot Misses the Net.
3:56 of 1st period - Shot by Noel Acciari.
3:56 of 1st period - Shot Misses the Net.
3:58 of 1st period - Shot by Phil Di Giuseppe.
3:58 of 1st period - Shot Misses the Net.
4:32 of 1st period - Tomas Tatar is hit by Brad Hunt and loses puck.
5:03 of 1st period - Jaycob Megna is hit by Tony DeAngelo.
5:22 of 1st period - Minor Penalty to Filip Chytil for Delaying the game.
5:22 of 1st period - Minor Penalty to Joel Eriksson Ek for Slashing.
5:23 of 1st period - Bo Horvat wins face-off versus Sebastian Aho in neutral zone.
5:30 of 1st period - Shot by Bo Horvat.
5:30 of 1st period - Stopped by Anton Forsberg with a rebound.
5:59 of 1st period - Off-side.
6:00 of 1st period - Mikael Granlund wins face-off versus Kirill Kaprizov in neutral zone.
6:33 of 1st period - Off-side.
6:34 of 1st period - Sebastian Aho wins face-off versus Bo Horvat in neutral zone.
6:39 of 1st period - Shot by Sebastian Aho.
6:39 of 1st period - Stopped by Tristan Jarry with a rebound.
6:55 of 1st period - Shot by Brad Marchand.
6:55 of 1st period - Shot Misses the Net.
7:03 of 1st period - Shot by Bo Horvat.
7:03 of 1st period - Stopped by Anton Forsberg without a rebound.
7:04 of 1st period - Bo Horvat wins face-off versus Mikael Granlund in VEGAS Golden Knights zone.
7:05 of 1st period - Shot by Brad Marchand.
7:05 of 1st period - Shot Blocked by Adam Larsson.
7:11 of 1st period - Bo Horvat is hit by Jared McCann and loses puck.
7:28 of 1st period - Shot by Colton Sissons.
7:28 of 1st period - Shot Misses the Net.
7:42 of 1st period - Colton Sissons is hit by Joel Eriksson Ek and loses puck.
7:52 of 1st period - Filip Chytil is hit by Brad Hunt and loses puck.
8:42 of 1st period - Tomas Hertl is hit by Adam Larsson and loses puck.
8:53 of 1st period - Shot by Nathan Walker.
8:53 of 1st period - Deflect By Blake Wheeler.
8:53 of 1st period - Stopped by Anton Forsberg without a rebound.
8:54 of 1st period - Bo Horvat wins face-off versus Sebastian Aho in VEGAS Golden Knights zone.
8:59 of 1st period - Shot by Adrian Kempe.
8:59 of 1st period - Stopped by Anton Forsberg without a rebound.
9:00 of 1st period - Bo Horvat wins face-off versus Sebastian Aho in VEGAS Golden Knights zone.
9:00 of 1st period - Bo Horvat is hit by Noah Hanifin.
10:09 of 1st period - Olli Maatta is hit by Andrew Peeke and loses puck.
10:20 of 1st period - Shot by Joel Eriksson Ek.
10:20 of 1st period - Stopped by Anton Forsberg with a rebound.
10:22 of 1st period - Shot by Matt Dumba.
10:22 of 1st period - Shot Misses the Net.
10:24 of 1st period - Shot by Joel Eriksson Ek.
10:24 of 1st period - Stopped by Anton Forsberg without a rebound.
10:25 of 1st period - Nathan Walker wins face-off versus Colton Sissons in VEGAS Golden Knights zone.
10:40 of 1st period - Shot by Tomas Hertl.
10:40 of 1st period - Stopped by Anton Forsberg without a rebound.
10:41 of 1st period - Joel Eriksson Ek wins face-off versus Noel Acciari in VEGAS Golden Knights zone.
11:10 of 1st period - Shot by Kirill Kaprizov.
11:10 of 1st period - Stopped by Anton Forsberg without a rebound.
11:11 of 1st period - Bo Horvat wins face-off versus Mikael Granlund in VEGAS Golden Knights zone.
12:26 of 1st period - Kirill Kaprizov is hit by Tony DeAngelo and loses puck.
12:39 of 1st period - Shot by Sebastian Aho.
12:39 of 1st period - Shot Misses the Net.
12:49 of 1st period - Shot by Kirill Kaprizov.
12:49 of 1st period - Stopped by Anton Forsberg without a rebound.
12:50 of 1st period - Tomas Hertl wins face-off versus Colton Sissons in VEGAS Golden Knights zone.
12:51 of 1st period - Shot by Blake Wheeler.
12:51 of 1st period - Stopped by Anton Forsberg without a rebound.
12:52 of 1st period - Colton Sissons wins face-off versus Nathan Walker in VEGAS Golden Knights zone.
12:52 of 1st period - Colton Sissons is hit by Nathan Walker.
13:07 of 1st period - Shot by Colton Sissons.
13:07 of 1st period - Shot Blocked by Blake Wheeler.
13:09 of 1st period - Shot by Jordan Oesterle.
13:09 of 1st period - Shot Misses the Net.
13:11 of 1st period - Shot by Brenden Dillon.
13:11 of 1st period - Stopped by Tristan Jarry without a rebound.
13:12 of 1st period - Alex Killorn wins face-off versus Joel Eriksson Ek in BOSTON Bruins zone.
13:19 of 1st period - Shot by Alex Killorn.
13:19 of 1st period - Shot Blocked by Andrew Peeke.
13:21 of 1st period - Shot by Alex Killorn.
13:21 of 1st period - Stopped by Tristan Jarry without a rebound.
13:22 of 1st period - Bo Horvat wins face-off versus Sebastian Aho in BOSTON Bruins zone.
13:27 of 1st period - Shot by Bo Horvat.
13:27 of 1st period - Stopped by Anton Forsberg without a rebound.
13:28 of 1st period - Sebastian Aho wins face-off versus Joel Eriksson Ek in VEGAS Golden Knights zone.
13:48 of 1st period - Sebastian Aho is hit by Andrew Peeke and loses puck.
14:19 of 1st period - Icing by Adam Larsson.
14:20 of 1st period - Sebastian Aho wins face-off versus Bo Horvat in VEGAS Golden Knights zone.
14:22 of 1st period - Icing by Adam Larsson.
14:23 of 1st period - Bo Horvat wins face-off versus Sebastian Aho in VEGAS Golden Knights zone.
14:29 of 1st period - Icing by Olli Maatta.
14:30 of 1st period - Sebastian Aho wins face-off versus Tomas Hertl in VEGAS Golden Knights zone.
14:53 of 1st period - Shot by Blake Wheeler.
14:53 of 1st period - Stopped by Anton Forsberg without a rebound.
14:54 of 1st period - Mikael Granlund wins face-off versus Bo Horvat in VEGAS Golden Knights zone.
14:54 of 1st period - Mikael Granlund is hit by Brad Marchand.
15:33 of 1st period - Shot by Bo Horvat.
15:33 of 1st period - Deflect By Brad Marchand.
15:33 of 1st period - Shot Misses the Net.
15:35 of 1st period - Shot by Bo Horvat.
15:35 of 1st period - Shot Misses the Net.
16:03 of 1st period - Shot by Kirill Kaprizov.
16:03 of 1st period - Shot Misses the Net.
16:15 of 1st period - Shot by Evgenii Dadonov.
16:15 of 1st period - Deflect By Filip Chytil.
16:15 of 1st period - Shot Misses the Net.
16:17 of 1st period - Shot by Colton Sissons.
16:17 of 1st period - Stopped by Tristan Jarry without a rebound.
16:18 of 1st period - Tomas Hertl wins face-off versus Jared McCann in BOSTON Bruins zone.
16:20 of 1st period - Icing by Jaycob Megna.
16:21 of 1st period - Tomas Hertl wins face-off versus Sebastian Aho in BOSTON Bruins zone.
16:23 of 1st period - Icing by Blake Wheeler.
16:24 of 1st period - Colton Sissons wins face-off versus Tomas Hertl in BOSTON Bruins zone.
16:27 of 1st period - Shot by Evgenii Dadonov.
16:27 of 1st period - Shot Misses the Net.
16:54 of 1st period - Shot by Adam Larsson.
16:54 of 1st period - Stopped by Tristan Jarry without a rebound.
16:55 of 1st period - Joel Eriksson Ek wins face-off versus Mikael Granlund in BOSTON Bruins zone.
17:08 of 1st period - Shot by Frank Vatrano.
17:08 of 1st period - Stopped by Anton Forsberg without a rebound.
17:09 of 1st period - Bo Horvat wins face-off versus Jared McCann in VEGAS Golden Knights zone.
18:16 of 1st period - Off-side.
18:17 of 1st period - Mikael Granlund wins face-off versus Tomas Hertl in neutral zone.
18:26 of 1st period - Shot by Alex Killorn.
18:26 of 1st period - Shot Blocked by Jaycob Megna.
19:56 of 1st period - Shot by Joel Eriksson Ek.
19:56 of 1st period - Shot Blocked by Colton Sissons.
Goals for this period are 0 for BOSTON Bruins vs 0 for VEGAS Golden Knights.
Shots for this period are 13 for BOSTON Bruins vs 7 for VEGAS Golden Knights.

2nd period


0:01 of 2nd period - Tomas Tatar wins face-off versus Bo Horvat in neutral zone.
0:01 of 2nd period - Olli Maatta is hit by Brad Marchand and loses puck.
0:05 of 2nd period - Adam Larsson is hit by Matt Dumba and loses puck.
0:12 of 2nd period - Shot by Sebastian Aho.
0:12 of 2nd period - Shot Blocked by Adrian Kempe.
0:21 of 2nd period - Sebastian Aho is hit by Andrew Peeke and loses puck.
0:24 of 2nd period - Shot by Tomas Tatar.
0:24 of 2nd period - Stopped by Tristan Jarry without a rebound.
0:25 of 2nd period - Mikael Granlund wins face-off versus Joel Eriksson Ek in BOSTON Bruins zone.
0:28 of 2nd period - Shot by Alex Killorn.
0:28 of 2nd period - Stopped by Tristan Jarry without a rebound.
0:29 of 2nd period - Mikael Granlund wins face-off versus Joel Eriksson Ek in BOSTON Bruins zone.
1:09 of 2nd period - Shot by Mikael Granlund.
1:09 of 2nd period - Shot Misses the Net.
1:11 of 2nd period - Shot by Noah Hanifin.
1:11 of 2nd period - Stopped by Tristan Jarry without a rebound.
1:12 of 2nd period - Tomas Tatar wins face-off versus Brad Marchand in BOSTON Bruins zone.
1:19 of 2nd period - Adam Larsson is hit by Adrian Kempe and loses puck.
2:09 of 2nd period - Off-side.
2:10 of 2nd period - Colton Sissons wins face-off versus Joel Eriksson Ek in neutral zone.
2:20 of 2nd period - Icing by Evgenii Dadonov.
2:21 of 2nd period - Colton Sissons wins face-off versus Tomas Hertl in VEGAS Golden Knights zone.
2:52 of 2nd period - Shot by Blake Wheeler.
2:52 of 2nd period - Shot Misses the Net.
3:42 of 2nd period - Tony DeAngelo is hit by Bo Horvat and loses puck.
3:59 of 2nd period - Shot by Adrian Kempe.
3:59 of 2nd period - Shot Misses the Net.
4:01 of 2nd period - Shot by Adrian Kempe.
4:01 of 2nd period - Shot Misses the Net.
4:07 of 2nd period - Shot by Bo Horvat.
4:07 of 2nd period - Deflect By Adrian Kempe.
4:07 of 2nd period - Shot Misses the Net.
4:44 of 2nd period - Minor Penalty to Joel Eriksson Ek for Tripping.
4:45 of 2nd period - Adam Lowry wins face-off versus Sebastian Aho in BOSTON Bruins zone.
5:15 of 2nd period - Off-side.
5:16 of 2nd period - Colton Sissons wins face-off versus Adam Lowry in neutral zone.
5:33 of 2nd period - Shot by Filip Chytil.
5:33 of 2nd period - Stopped by Tristan Jarry with a rebound.
5:38 of 2nd period - Off-side.
5:39 of 2nd period - Adam Lowry wins face-off versus Sebastian Aho in neutral zone.
5:41 of 2nd period - Nathan Walker is hit by Tony DeAngelo and loses puck.
5:47 of 2nd period - Icing by Tony DeAngelo.
5:48 of 2nd period - Adam Lowry wins face-off versus Sebastian Aho in VEGAS Golden Knights zone.
6:01 of 2nd period - Shot by Mikael Granlund.
6:01 of 2nd period - Shot Misses the Net.
6:03 of 2nd period - Shot by Jared McCann.
6:03 of 2nd period - Stopped by Tristan Jarry without a rebound.
6:04 of 2nd period - Colton Sissons wins face-off versus Adam Lowry in BOSTON Bruins zone.
6:07 of 2nd period - Shot by Andrei Svechnikov.
6:07 of 2nd period - Stopped by Tristan Jarry without a rebound.
6:08 of 2nd period - Adam Lowry wins face-off versus Colton Sissons in BOSTON Bruins zone.
6:08 of 2nd period - Adam Lowry is hit by Colton Sissons.
6:14 of 2nd period - Shot by Adam Lowry.
6:14 of 2nd period - Shot Misses the Net.
6:31 of 2nd period - Shot by Andrew Peeke.
6:31 of 2nd period - Shot Misses the Net.
7:16 of 2nd period - Shot by Noel Acciari.
7:16 of 2nd period - Stopped by Tristan Jarry without a rebound.
7:17 of 2nd period - Tomas Hertl wins face-off versus Mikael Granlund in BOSTON Bruins zone.
7:22 of 2nd period - Shot by Blake Wheeler.
7:22 of 2nd period - Deflect By Tomas Hertl.
7:22 of 2nd period - Shot Misses the Net.
7:38 of 2nd period - Shot by Tomas Hertl.
7:38 of 2nd period - Shot Blocked by Brenden Dillon.
7:40 of 2nd period - Shot by Tomas Hertl.
7:40 of 2nd period - Stopped by Anton Forsberg without a rebound.
7:41 of 2nd period - Sebastian Aho wins face-off versus Bo Horvat in VEGAS Golden Knights zone.
8:15 of 2nd period - Icing by Brad Marchand.
8:16 of 2nd period - Mikael Granlund wins face-off versus Bo Horvat in BOSTON Bruins zone.
8:29 of 2nd period - Shot by Mikael Granlund.
8:29 of 2nd period - Shot Misses the Net.
8:31 of 2nd period - Shot by Olli Maatta.
8:31 of 2nd period - Stopped by Tristan Jarry with a rebound.
8:54 of 2nd period - Adrian Kempe is hit by Mikael Granlund and loses puck.
9:08 of 2nd period - Minor Penalty to Filip Chytil for High sticking.
9:09 of 2nd period - Colton Sissons wins face-off versus Tomas Hertl in VEGAS Golden Knights zone.
9:31 of 2nd period - Shot by Frank Vatrano.
9:31 of 2nd period - Deflect By Tomas Hertl.
9:31 of 2nd period - Shot Misses the Net.
9:35 of 2nd period - Shot by Joel Eriksson Ek.
9:35 of 2nd period - Stopped by Anton Forsberg without a rebound.
9:36 of 2nd period - Tomas Hertl wins face-off versus Colton Sissons in VEGAS Golden Knights zone.
9:37 of 2nd period - Shot by Joel Eriksson Ek.
9:37 of 2nd period - Shot Misses the Net.
9:57 of 2nd period - Shot by Kirill Kaprizov.
9:57 of 2nd period - Stopped by Anton Forsberg without a rebound.
9:58 of 2nd period - Bo Horvat wins face-off versus Colton Sissons in VEGAS Golden Knights zone.
10:51 of 2nd period - Victor Hedman is hit by Mikael Granlund.
11:30 of 2nd period - Icing by Noah Hanifin.
11:31 of 2nd period - Tomas Hertl wins face-off versus Noel Acciari in VEGAS Golden Knights zone.
12:11 of 2nd period - Icing by Brenden Dillon.
12:12 of 2nd period - Mikael Granlund wins face-off versus Bo Horvat in VEGAS Golden Knights zone.
12:12 of 2nd period - Mikael Granlund is hit by Bo Horvat.
12:19 of 2nd period - Jordan Oesterle is hit by Andrew Peeke and loses puck.
12:30 of 2nd period - Shot by Brad Marchand.
12:30 of 2nd period - Stopped by Anton Forsberg without a rebound.
12:31 of 2nd period - Joel Eriksson Ek wins face-off versus Sebastian Aho in VEGAS Golden Knights zone.
12:34 of 2nd period - Shot by Frank Vatrano.
12:34 of 2nd period - Stopped by Anton Forsberg without a rebound.
12:35 of 2nd period - Joel Eriksson Ek wins face-off versus Sebastian Aho in VEGAS Golden Knights zone.
12:47 of 2nd period - Kirill Kaprizov is hit by Adam Larsson and loses puck.
13:01 of 2nd period - Icing by Matt Dumba.
13:02 of 2nd period - Colton Sissons wins face-off versus Joel Eriksson Ek in BOSTON Bruins zone.
13:19 of 2nd period - Andrew Peeke is hit by Filip Chytil and loses puck.
13:43 of 2nd period - Brad Marchand is hit by Tony DeAngelo and loses puck.
13:55 of 2nd period - Shot by Adrian Kempe.
13:55 of 2nd period - Shot Blocked by Noah Hanifin.
14:09 of 2nd period - Jared McCann is hit by Brad Marchand and loses puck.
14:15 of 2nd period - Tomas Tatar is hit by Victor Hedman and loses puck.
14:42 of 2nd period - Shot by Sebastian Aho.
14:42 of 2nd period - Stopped by Tristan Jarry without a rebound.
14:43 of 2nd period - Mikael Granlund wins face-off versus Adam Lowry in BOSTON Bruins zone.
14:56 of 2nd period - Shot by Phil Kessel.
14:56 of 2nd period - Shot Misses the Net.
16:09 of 2nd period - Noel Acciari is hit by Joel Eriksson Ek and loses puck.
16:16 of 2nd period - Joel Eriksson Ek is hit by Phil Di Giuseppe and loses puck.
16:34 of 2nd period - Shot by Jared McCann.
16:34 of 2nd period - Stopped by Tristan Jarry without a rebound.
16:35 of 2nd period - Bo Horvat wins face-off versus Colton Sissons in BOSTON Bruins zone.
16:51 of 2nd period - Off-side.
16:52 of 2nd period - Tomas Hertl wins face-off versus Sebastian Aho in neutral zone.
17:09 of 2nd period - Shot by Blake Wheeler.
17:09 of 2nd period - Stopped by Anton Forsberg without a rebound.
17:10 of 2nd period - Colton Sissons wins face-off versus Bo Horvat in VEGAS Golden Knights zone.
17:21 of 2nd period - Shot by Colton Sissons.
17:21 of 2nd period - Shot Misses the Net.
17:23 of 2nd period - Shot by Colton Sissons.
17:23 of 2nd period - Shot Misses the Net.
17:25 of 2nd period - Shot by Noah Hanifin.
17:25 of 2nd period - Shot Blocked by Andrew Peeke.
17:27 of 2nd period - Shot by Noah Hanifin.
17:27 of 2nd period - Shot Blocked by Matt Dumba.
18:37 of 2nd period - Icing by Frank Vatrano.
18:38 of 2nd period - Mikael Granlund wins face-off versus Joel Eriksson Ek in BOSTON Bruins zone.
18:44 of 2nd period - Off-side.
18:45 of 2nd period - Tomas Hertl wins face-off versus Mikael Granlund in neutral zone.
19:31 of 2nd period - Icing by Brenden Dillon.
19:32 of 2nd period - Joel Eriksson Ek wins face-off versus Mikael Granlund in VEGAS Golden Knights zone.
Goals for this period are 0 for BOSTON Bruins vs 0 for VEGAS Golden Knights.
Shots for this period are 6 for BOSTON Bruins vs 10 for VEGAS Golden Knights.

3rd period


0:01 of 3rd period - Bo Horvat wins face-off versus Sebastian Aho in neutral zone.
0:28 of 3rd period - Shot by Sebastian Aho.
0:28 of 3rd period - Stopped by Tristan Jarry without a rebound.
0:29 of 3rd period - Frank Vatrano wins face-off versus Colton Sissons in BOSTON Bruins zone.
1:33 of 3rd period - Shot by Sebastian Aho.
1:33 of 3rd period - Stopped by Tristan Jarry with a rebound.
1:35 of 3rd period - Shot by Jared McCann.
1:35 of 3rd period - Shot Misses the Net.
1:48 of 3rd period - Jared McCann is hit by Victor Hedman and loses puck.
1:57 of 3rd period - Shot by Sebastian Aho.
1:57 of 3rd period - Deflect By Tomas Tatar.
1:57 of 3rd period - Stopped by Tristan Jarry without a rebound.
1:58 of 3rd period - Mikael Granlund wins face-off versus Blake Wheeler in BOSTON Bruins zone.
1:59 of 3rd period - Shot by Alex Killorn.
1:59 of 3rd period - Shot Misses the Net.
2:09 of 3rd period - Shot by Alex Killorn.
2:09 of 3rd period - Shot Hit the Post.
2:16 of 3rd period - Mikael Granlund is hit by Jaycob Megna and loses puck.
2:22 of 3rd period - Minor Penalty to Jaycob Megna for Hooking.
2:23 of 3rd period - Adam Lowry wins face-off versus Sebastian Aho in BOSTON Bruins zone.
2:44 of 3rd period - Shot by Jared McCann.
2:44 of 3rd period - Stopped by Tristan Jarry without a rebound.
2:45 of 3rd period - Adam Lowry wins face-off versus Colton Sissons in BOSTON Bruins zone.
2:45 of 3rd period - Adam Lowry is hit by Tomas Tatar.
3:03 of 3rd period - Shot by Tony DeAngelo.
3:03 of 3rd period - Shot Misses the Net.
3:05 of 3rd period - Shot by Colton Sissons.
3:05 of 3rd period - Shot Misses the Net.
3:25 of 3rd period - Shot by Tomas Tatar.
3:25 of 3rd period - Stopped by Tristan Jarry without a rebound.
3:26 of 3rd period - Adam Lowry wins face-off versus Sebastian Aho in BOSTON Bruins zone.
3:32 of 3rd period - Icing by Alex Killorn.
3:33 of 3rd period - Adam Lowry wins face-off versus Sebastian Aho in VEGAS Golden Knights zone.
4:17 of 3rd period - Shot by Alex Killorn.
4:17 of 3rd period - Stopped by Tristan Jarry without a rebound.
4:18 of 3rd period - Colton Sissons wins face-off versus Joel Eriksson Ek in BOSTON Bruins zone.
4:27 of 3rd period - Phil Di Giuseppe is hit by Joel Eriksson Ek and loses puck.
6:23 of 3rd period - Jared McCann is hit by Victor Hedman.
6:33 of 3rd period - Shot by Sebastian Aho.
6:33 of 3rd period - Shot Misses the Net.
6:35 of 3rd period - Shot by Sebastian Aho.
6:35 of 3rd period - Shot Misses the Net.
6:39 of 3rd period - Shot by Sebastian Aho.
6:39 of 3rd period - Deflect By Jared McCann.
6:39 of 3rd period - Shot Misses the Net.
6:41 of 3rd period - Shot by Tomas Tatar.
6:41 of 3rd period - Goal by Tomas Tatar - BOSTON Bruins : 0 - VEGAS Golden Knights : 1.
6:42 of 3rd period - Bo Horvat wins face-off versus Alex Killorn in neutral zone.
6:45 of 3rd period - Shot by Adrian Kempe.
6:45 of 3rd period - Shot Misses the Net.
6:47 of 3rd period - Shot by Brad Marchand.
6:47 of 3rd period - Shot Misses the Net.
6:49 of 3rd period - Shot by Andrew Peeke.
6:49 of 3rd period - Stopped by Anton Forsberg without a rebound.
6:50 of 3rd period - Mikael Granlund wins face-off versus Bo Horvat in VEGAS Golden Knights zone.
7:04 of 3rd period - Bo Horvat is hit by Olli Maatta and loses puck.
7:52 of 3rd period - Off-side.
7:53 of 3rd period - Sebastian Aho wins face-off versus Frank Vatrano in neutral zone.
8:11 of 3rd period - Shot by Kirill Kaprizov.
8:11 of 3rd period - Stopped by Anton Forsberg with a rebound.
8:13 of 3rd period - Shot by Brad Hunt.
8:13 of 3rd period - Stopped by Anton Forsberg without a rebound.
8:14 of 3rd period - Colton Sissons wins face-off versus Phil Kessel in VEGAS Golden Knights zone.
8:14 of 3rd period - Colton Sissons is hit by Michael Pezzetta.
8:23 of 3rd period - Minor Penalty to Michael Pezzetta for Cross-checking.
8:24 of 3rd period - Sebastian Aho wins face-off versus Adam Lowry in BOSTON Bruins zone.
8:25 of 3rd period - Shot by Noah Hanifin.
8:25 of 3rd period - Stopped by Tristan Jarry with a rebound.
8:27 of 3rd period - Shot by Jared McCann.
8:27 of 3rd period - Stopped by Tristan Jarry without a rebound.
8:28 of 3rd period - Sebastian Aho wins face-off versus Adam Lowry in BOSTON Bruins zone.
8:40 of 3rd period - Shot by Sebastian Aho.
8:40 of 3rd period - Shot Misses the Net.
8:42 of 3rd period - Shot by Andrei Svechnikov.
8:42 of 3rd period - Stopped by Tristan Jarry without a rebound.
8:43 of 3rd period - Colton Sissons wins face-off versus Adam Lowry in BOSTON Bruins zone.
8:44 of 3rd period - Shot by Noah Hanifin.
8:44 of 3rd period - Shot Misses the Net.
8:46 of 3rd period - Shot by Colton Sissons.
8:46 of 3rd period - Goal by Colton Sissons - BOSTON Bruins : 0 - VEGAS Golden Knights : 2.
8:47 of 3rd period - Joel Eriksson Ek wins face-off versus Sebastian Aho in neutral zone.
9:08 of 3rd period - Shot by Kirill Kaprizov.
9:08 of 3rd period - Shot Misses the Net.
9:10 of 3rd period - Shot by Victor Hedman.
9:10 of 3rd period - Shot Misses the Net.
9:25 of 3rd period - Shot by Joel Eriksson Ek.
9:25 of 3rd period - Deflect By Kirill Kaprizov.
9:25 of 3rd period - Shot Misses the Net.
9:27 of 3rd period - Shot by Frank Vatrano.
9:27 of 3rd period - Stopped by Anton Forsberg without a rebound.
9:28 of 3rd period - Bo Horvat wins face-off versus Mikael Granlund in VEGAS Golden Knights zone.
10:43 of 3rd period - Icing by Evgenii Dadonov.
10:44 of 3rd period - Joel Eriksson Ek wins face-off versus Colton Sissons in VEGAS Golden Knights zone.
10:53 of 3rd period - Shot by Filip Chytil.
10:53 of 3rd period - Stopped by Tristan Jarry without a rebound.
10:54 of 3rd period - Sebastian Aho wins face-off versus Tomas Hertl in BOSTON Bruins zone.
10:55 of 3rd period - Shot by Tomas Tatar.
10:55 of 3rd period - Shot Misses the Net.
11:01 of 3rd period - Shot by Tomas Hertl.
11:01 of 3rd period - Stopped by Anton Forsberg without a rebound.
11:02 of 3rd period - Frank Vatrano wins face-off versus Sebastian Aho in VEGAS Golden Knights zone.
11:45 of 3rd period - Icing by Olli Maatta.
11:46 of 3rd period - Bo Horvat wins face-off versus Sebastian Aho in VEGAS Golden Knights zone.
11:58 of 3rd period - Adam Larsson and Matt Dumba fight to a draw.
11:58 of 3rd period - Penalty to Adam Larsson for Fighting.
11:58 of 3rd period - Penalty to Matt Dumba for Fighting.
11:59 of 3rd period - Tomas Hertl wins face-off versus Alex Killorn in neutral zone.
12:20 of 3rd period - Shot by Tomas Hertl.
12:20 of 3rd period - Shot Misses the Net.
12:30 of 3rd period - Shot by Tomas Hertl.
12:30 of 3rd period - Deflect By Blake Wheeler.
12:30 of 3rd period - Stopped by Anton Forsberg without a rebound.
12:31 of 3rd period - Colton Sissons wins face-off versus Bo Horvat in VEGAS Golden Knights zone.
12:31 of 3rd period - Colton Sissons is hit by Bo Horvat.
12:45 of 3rd period - Shot by Brenden Dillon.
12:45 of 3rd period - Stopped by Tristan Jarry without a rebound.
12:46 of 3rd period - Joel Eriksson Ek wins face-off versus Tomas Tatar in BOSTON Bruins zone.
13:00 of 3rd period - Off-side.
13:01 of 3rd period - Bo Horvat wins face-off versus Colton Sissons in neutral zone.
13:24 of 3rd period - Shot by Adrian Kempe.
13:24 of 3rd period - Shot Misses the Net.
13:26 of 3rd period - Shot by Adrian Kempe.
13:26 of 3rd period - Goal by Adrian Kempe - BOSTON Bruins : 1 - VEGAS Golden Knights : 2.
13:27 of 3rd period - Sebastian Aho wins face-off versus Frank Vatrano in neutral zone.
14:07 of 3rd period - Shot by Sebastian Aho.
14:07 of 3rd period - Shot Misses the Net.
14:09 of 3rd period - Shot by Tomas Tatar.
14:09 of 3rd period - Shot Misses the Net.
14:11 of 3rd period - Shot by Tomas Tatar.
14:11 of 3rd period - Shot Misses the Net.
14:20 of 3rd period - Icing by Kirill Kaprizov.
14:21 of 3rd period - Mikael Granlund wins face-off versus Joel Eriksson Ek in BOSTON Bruins zone.
14:44 of 3rd period - Shot by Andrei Svechnikov.
14:44 of 3rd period - Stopped by Tristan Jarry without a rebound.
14:45 of 3rd period - Colton Sissons wins face-off versus Bo Horvat in BOSTON Bruins zone.
14:51 of 3rd period - Off-side.
14:52 of 3rd period - Colton Sissons wins face-off versus Bo Horvat in neutral zone.
15:25 of 3rd period - Icing by Jaycob Megna.
15:26 of 3rd period - Sebastian Aho wins face-off versus Bo Horvat in BOSTON Bruins zone.
15:48 of 3rd period - Jared McCann is hit by Jaycob Megna and loses puck.
16:42 of 3rd period - Shot by Alex Killorn.
16:42 of 3rd period - Shot Misses the Net.
16:52 of 3rd period - Shot by Alex Killorn.
16:52 of 3rd period - Shot Misses the Net.
16:54 of 3rd period - Shot by Alex Killorn.
16:54 of 3rd period - Goal by Alex Killorn - BOSTON Bruins : 1 - VEGAS Golden Knights : 3.
16:55 of 3rd period - Colton Sissons wins face-off versus Joel Eriksson Ek in neutral zone.
17:54 of 3rd period - Colton Sissons is hit by Adam Lowry and loses puck.
18:57 of 3rd period - Minor Penalty to Adam Larsson for Hooking.
18:58 of 3rd period - Tomas Hertl wins face-off versus Colton Sissons in VEGAS Golden Knights zone.
19:01 of 3rd period - Shot by Joel Eriksson Ek.
19:01 of 3rd period - Shot Misses the Net.
19:03 of 3rd period - Shot by Frank Vatrano.
19:03 of 3rd period - Shot Misses the Net.
19:05 of 3rd period - Shot by Tomas Hertl.
19:05 of 3rd period - Shot Misses the Net.
19:07 of 3rd period - Shot by Victor Hedman.
19:07 of 3rd period - Stopped by Anton Forsberg without a rebound.
19:08 of 3rd period - Colton Sissons wins face-off versus Tomas Hertl in VEGAS Golden Knights zone.
19:17 of 3rd period - Kirill Kaprizov is hit by Noel Acciari.
19:24 of 3rd period - Joel Eriksson Ek is hit by Brenden Dillon and loses puck.
19:28 of 3rd period - Joel Eriksson Ek is hit by Brenden Dillon and loses puck.
Goals for this period are 1 for BOSTON Bruins vs 3 for VEGAS Golden Knights.
Shots for this period are 8 for BOSTON Bruins vs 15 for VEGAS Golden Knights. Output by the SimonT Hockey Simulator (STHS) for Martin Benoit - Original Page W3C HTML5 Valid
Hockey Simulator - Hockey Simulation - Hockey Manager